 Dungeon Crawl Stone Soup version 0.31-a0-1074-g0b22e4e0f1 (webtiles) character file.

Game seed: 18425811083983041632

3031 flord the Cleaver (level 9, 0/55 (70) HPs)
             Began as a Minotaur Fighter on Nov 29, 2023.
             Was an Initiate of Okawaru.
             Slain by a wight
             ... wielding a +3 trident of freezing
              (11 damage)
             ... on level 8 of the Dungeon.
             The game lasted 00:29:46 (8061 turns).

flord the Cleaver (Minotaur Fighter)                Turns: 8061, Time: 00:29:48

HP:   0/55 (70)     AC: 21    Str: 24    XL:     9   Next: 56%
MP:   8/8           EV:  7    Int:  5    God:    Okawaru [......]
Gold: 392           SH:  0    Dex: 11    Spells: 8/8 levels left

rFire   . . .        a - +0 war axe
rCold   . . .        c - +0 buckler
rNeg    . . .        j - +0 plate armour
rPois   .            (helmet restricted)
rElec   .            s - +1 cloak
rCorr   .            d - +0 pair of gloves
SInv    .            h - +1 pair of boots
Will    .....        (no amulet) Stlth
                     (no ring)
HPRegen 0.29/turn    (no ring)
MPRegen 0.11/turn

%: clarity
@: confused, ambrosia-drunk, heavily drained
A: horns 2, retaliatory headbutt, clarity, subdued magic 1
a: Renounce Religion


You were on level 8 of the Dungeon.
You worshipped Okawaru.
Okawaru was noncommittal.
You visited 2 branches of the dungeon, and saw 9 of its levels.

You collected 392 gold pieces.

Inventory:

Hand Weapons
 a - a +0 war axe (weapon)
 l - a +0 triple crossbow
Armour
 b - a +0 scale mail
 c - a +0 buckler (worn)
 d - a +0 pair of gloves (worn)
 h - a +1 pair of boots (worn)
 j - a +0 plate armour (worn)
 m - a +0 cloak
 s - a +1 cloak (worn)
Jewellery
 i - an amulet of faith
Wands
 f - a wand of polymorph (16)
 g - a wand of mindburst (13)
 t - a wand of paralysis (8)
Scrolls
 e - 5 scrolls of identify
 k - a scroll of revelation
 o - a scroll of fog


   Skills:
 - Level 3.6 Fighting
 - Level 12.4 Axes
 * Level 10.9 Armour
 - Level 3.6 Shields


You had 8 spell levels left.
You didn't know any spells.
Your spell library contained the following spells:

 Spells                   Type           Power      Damage    Failure   Level
 Slow                     Hex            0%         N/A       99%         1
 Blink                    Tloc           0%         N/A       100%        2
 Lesser Beckoning         Tloc           0%         N/A       100%        2
 Momentum Strike          Conj/Tloc      0%         3d8       100%        2
 Confusing Touch          Hex            0%         N/A       100%        3
 Inner Flame              Hex/Fire       0%         N/A       100%        3
 Sigil of Binding         Hex            0%         N/A       100%        3
 Vampiric Draining        Necr           0%         2d6       100%        3
 Flame Wave               Conj/Fire      0%         2d4       100%        4
 Sticky Flame             Conj/Fire      0%         2d3       100%        4


Dungeon Overview and Level Annotations

Branches:
Dungeon (8/15)             Temple (1/1) D:7
   Lair: D:8-11

Altars:
Ashenzari
Cheibriados
Fedhas
Gozag
Hepliaklqana
Makhleb
Nemelex Xobeh
Okawaru
Qazlal
Ru
Sif Muna
Trog
Uskayaw
Vehumet
Xom
Yredelemnul
Zin

Shops:
D:1 =   D:5 (   D:7 :

Annotations:
D:5 1 runed translucent door, Phlounder's ghost, novice TeVM
D:6 1 runed translucent door, Crazy Yiuf


Innate Abilities, Weirdness & Mutations

You have a pair of horns on your head.
You reflexively headbutt those who attack you in melee.
You possess an exceptional clarity of mind.
Your spells are a little easier to cast, but a little less powerful.


Message History

You bump into the rock wall.
The wight hits you but does no damage.
You are more confused.
You feel more invigorated. The wight hits you but does no damage.
You are more confused.
You feel more invigorated. The wight hits you but does no damage.
The wight barely misses you.
You are more confused.
You feel more invigorated. The wight barely misses you.
The wight hits you but does no damage.
You are more confused.
You feel more invigorated. The wight barely misses you.
The wight hits you but does no damage.
The wight hits you with a +6 great sword!
* * * LOW HITPOINT WARNING * * *
You feel drained.
* * * LOW HITPOINT WARNING * * *
You are too confused!
You aren't carrying any potions.
You are too confused!
The wight hits you but does no damage.
You're too confused to move!
The wight hits you but does no damage. The wight barely misses you.
The wight hits you with a +6 great sword.
You closely miss the wight. The wight barely misses you.
The wight hits you from afar with a +5 spear.
The wight barely misses you.
You bump into the rock wall.
The wight closely misses you. The wight hits you but does no damage.
The wight hits you with a +6 great sword.
You feel drained.
You closely miss the wight. The wight hits you but does no damage.
The wight hits you from afar with a +5 spear!
You feel drained.
You closely miss the wight.
The wight hits you with a +6 great sword!
* * * LOW HITPOINT WARNING * * *
You feel drained.
* * * LOW HITPOINT WARNING * * *
The wight hits you from afar with a +3 trident of freezing!
You die...

#### #@.# #.z#
#zz########
#z.##.....#
##'##.....+
#..##.....#
#..##.....#####
#.............#
#..##z........#


You could see 4 wights.

Vanquished Creatures
  Pikel (D:5)
  Sigmund (D:5)
  3 fire bats (D:5)
  3 steam dragons
  Menkaure (D:5)
  Duvessa (D:4)
  2 orc warriors
  A kobold brigand (D:6)
  A scorpion (D:5)
  2 bullfrogs
  Dowan (D:4)
  4 wights
  A howler monkey (D:4)
  3 orc priests
  A hound (D:4)
  A jelly (D:6)
  A gnoll bouda (D:6)
  2 sleepcaps
  2 iguanas (D:5)
  5 orc wizards
  8 gnolls
  8 adders
  2 white imps
  2 ufetubi
  4 worms
  3 dart slugs
  24 orcs
  3 bats
  9 endoplasms
  A giant cockroach (D:1)
  11 goblins
  5 hobgoblins
  3 jackals (D:4)
  16 kobolds
  5 ball pythons
  4 frilled lizards (D:2)
  2 rats
147 creatures vanquished.

Notes
Turn   | Place    | Note
-------+----------+-------------------------------------------
     0 | D:1      | flord the Minotaur Fighter began the quest for the Orb.
     0 | D:1      | Reached XP level 1. HP: 19/19 MP: 0/0
   125 | D:1      | Reached skill level 3 in Axes
   179 | D:1      | Reached XP level 2. HP: 23/26 MP: 1/1
   231 | D:1      | Found Wulety's Jewellery Emporium.
   848 | D:2      | Reached skill level 4 in Axes
  1039 | D:2      | Reached XP level 3. HP: 30/31 MP: 2/2
  1411 | D:2      | Reached skill level 5 in Axes
  1568 | D:3      | Reached XP level 4. HP: 39/39 MP: 3/3
  2236 | D:4      | Reached skill level 6 in Axes
  2354 | D:4      | Reached XP level 5. HP: 39/45 MP: 4/4
  2416 | D:4      | Noticed Ijyb
  2424 | D:4      | Ijyb changed into Ijyb the howler monkey
  2424 | D:4      | Noticed Ijyb
  2428 | D:4      | Killed Ijyb the howler monkey
  2429 | D:4      | Reached skill level 7 in Axes
  2471 | D:4      | Found a large runed translucent door.
  2471 | D:4      | Found a large runed translucent door.
  2475 | D:4      | Found a shimmering altar of Xom.
  2524 | D:4      | Found a burning altar of Makhleb.
  2527 | D:4      | Found a snail-covered altar of Cheibriados.
  2582 | D:4      | Reached XP level 6. HP: 4/51 MP: 5/5
  3043 | D:4      | Found a sparkling altar of Nemelex Xobeh.
  3100 | D:4      | Reached skill level 8 in Axes
  3172 | D:4      | Noticed Dowan
  3180 | D:4      | Noticed Duvessa
  3187 | D:4      | Killed Dowan
  3194 | D:4      | Killed Duvessa
  3602 | D:5      | Entered Level 5 of the Dungeon
  3614 | D:5      | Reached skill level 9 in Axes
  3696 | D:5      | Reached XP level 7. HP: 46/57 MP: 6/6
  3739 | D:5      | Gained mutation: Your spells are a little easier to cast,
                  | but a little less powerful. [potion of mutation]
  3739 | D:5      | Gained mutation: You possess an exceptional clarity of
                  | mind. [potion of mutation]
  3827 | D:5      | Found Xokoergho's Antique Weapon Shop.
  3834 | D:5      | Noticed Menkaure
  3840 | D:5      | Killed Menkaure
  3877 | D:5      | Reached skill level 10 in Axes
  3915 | D:5      | Found a transporter.
  4027 | D:5      | Found a glowing silver altar of Zin.
  4027 | D:5      | Found a blossoming altar of Fedhas.
  4048 | D:5      | Found a transporter.
  4050 | D:5      | Noticed a fire bat
  4050 | D:5      | Noticed a fire bat
  4051 | D:5      | Noticed a fire bat
  4174 | D:5      | Found a runed translucent door.
  4205 | D:5      | Killed a fire bat
  4207 | D:5      | Killed a fire bat
  4208 | D:5      | Reached skill level 11 in Axes
  4208 | D:5      | Reached XP level 8. HP: 43/64 MP: 7/7
  4568 | D:5      | Noticed Phlounder's ghost (novice TeVM)
  4615 | D:5      | Noticed Sigmund
  4621 | D:5      | Killed Sigmund
  4622 | D:5      | Reached skill level 12 in Axes
  4651 | D:5      | Noticed Pikel
  4662 | D:5      | Killed Pikel
  5079 | D:5      | Found a stormy altar of Qazlal.
  5176 | D:6      | Reached XP level 9. HP: 17/70 MP: 8/8
  6240 | D:6      | Found a runed translucent door.
  6241 | D:6      | Identified the +7 hammer of the Valley of Death {distort,
                  | +Blink rCorr Str-4}
  6241 | D:6      | Noticed Crazy Yiuf
  6637 | D:7      | Found a staircase to the Ecumenical Temple.
  6646 | Temple   | Entered the Ecumenical Temple
  6785 | D:7      | Found Lumid's Tremendous Tomes.
  6898 | D:7      | Reached skill level 10 in Armour
  8015 | D:8      | Found an iron altar of Okawaru.
  8020 | D:8      | Became a worshipper of Warmaster Okawaru
  8061 | D:8      | Slain by a wight

Illustrated notes

Levels and vault maps discovered:
D:1:      dpeg_arrival_rhombi, layout_basic, serial_shops,
          nicolae_shop_gaudy_bauble
D:2:      layout_loops_ring
D:3:      layout_basic
D:4:      due_chaos_kobolds, layout_gridville, nemelex_dance_club_becter,
          nicolae_overflow_squiral, uniq_duvessa, uniq_ijyb
D:5:      gammafunk_cloud_chamber, layout_cave_pools,
          gammafunk_temple_overflow_wave, grunt_qazlal_clouds, serial_shops,
          shop, hellmonk_ghost_happy_afterlife, roderic_lattice_a,
          uniq_menkaure, uniq_sigmund, uniq_pikel
D:6:      layout_loops_ring, uniq_crazy_yiuf_cottage
D:7:      kennysheep_steamy, layout_basic, minmay_temple_entry_waves,
          nicolae_shop_i_like_big_books
D:8:      layout_gridville, okawaru_gym_becter, uniq_joseph
Temple:   zaba_magenta_temple

Skill      XL: |  1  2  3  4  5  6  7  8  9 |
---------------+----------------------------+-----
Axes           | 3 4 5 6 7 9 11 12 | 12.4
Armour         | 7 10 | 10.9
Fighting       | |  3.6
Shields        | |  3.6

Action                     |  1- 3 |  4- 6 |  7- 9 || total
---------------------------+-------+-------+-------++-------
  Melee: War axe           |    77 |   117 |   189 ||   383
         Headbutt          |    12 |    21 |    32 ||    65
  Evoke: Wand              |       |     7 |    12 ||    19
    Use: Scroll            |     4 |     2 |     3 ||     9
         Potion            |     2 |     4 |    10 ||    16
 Armour: Scale mail        |    49 |    10 |       ||    59
         Plate armour      |       |   117 |   237 ||   354
  Dodge: Dodged            |    29 |    34 |    78 ||   141
  Block: Buckler           |    14 |    33 |    36 ||    83

Table legend: (Time is in decaauts)
 A = Elapsed time spent in this place.
 B = Non-inter-level travel time spent in this place.
 C = Inter-level travel time spent in this place.
 D = Time resting spent in this place.
 E = Time spent auto-exploring this place.
 F = Levels seen in this place.
 G = Mean time per level.
                   A        B        C        D        E       F      G
               +--------+--------+--------+--------+--------+-----+--------+
         Total |   8054 |   7821 |    233 |   2225 |   3962 |   9 |  894.9 |
       Dungeon |   8005 |   7772 |    233 |   2183 |   3962 |   8 | 1000.6 |
        Temple |     48 |     48 |      0 |     42 |      0 |   1 |   48.0 |
               +--------+--------+--------+--------+--------+-----+--------+

Top non-repeatable levels by time:
     D:5: 1720 daAuts
     D:7: 1545 daAuts
     D:4: 1292 daAuts
     D:6: 965 daAuts
     D:1: 919 daAuts
     D:3: 873 daAuts
     D:2: 552 daAuts
     D:8: 137 daAuts
  Temple: 48 daAuts
